 Dungeon Crawl Stone Soup version 0.17-a0-1115-g0372368 (webtiles) character file.

189 HeyJoe the Chopper (level 5, -1/46 HPs)
             Began as a Deep Dwarf Berserker on May 22, 2015.
             Was a Priest of Trog.
             Slain by an ogre
             ... wielding a +0 giant club
              (11 damage)
             ... on level 4 of the Dungeon.
             The game lasted 00:08:06 (2228 turns).

HeyJoe the Chopper (Deep Dwarf Berserker)           Turns: 2228, Time: 00:08:07

Health: -1/46      AC:  6    Str: 21    XL:     5   Next: 40%
Magic:  5/5        EV: 11    Int:  8    God:    Trog [***...]
Gold:   80         SH:  0    Dex: 12    Spells: 0 memorised, 4 levels left

rFire  . . .     SeeInvis .     a - +0 hand axe
rCold  . . .     Clarity  .     m - +0 ring mail
rNeg   + . .     SustAt   .     (no shield)
rPois  .         Gourm    .     (no helmet)
rElec  .         Spirit   .     (no cloak)
rCorr  .         Warding  +     g - +0 pair of gloves
rMut   .         Stasis   .     (no boots)
MR     ++...                    n - amulet of warding
Stlth  ..........               (no ring)
                                (no ring)

@: confused, exhausted, non-regenerating, slowed, very slow, very resistant to
hostile enchantments, extremely unstealthy
A: damage resistance, recharge devices, sense surroundings 1, slow healing 3
a: Device Recharging, Burn Spellbooks, Berserk, Trog's Hand, Renounce Religion


You were on level 4 of the Dungeon.
You worshipped Trog.
Trog was most pleased with you.
You were hungry.

You visited 1 branch of the dungeon, and saw 4 of its levels.

You collected 80 gold pieces.

Inventory:

Hand weapons
 a - a +0 hand axe (weapon)
Armour
 b - a +0 animal skin
 g - a +0 pair of gloves (worn)
 m - a +0 ring mail (worn)
Jewellery
 n - an amulet of warding (around neck)
Magical devices
 c - a wand of heal wounds (2)
Scrolls
 h - a scroll of magic mapping {unknown}
 i - 2 scrolls of identify {unknown}
 j - a scroll of random uselessness {unknown}
 k - a scroll of recharging {unknown}
 o - a scroll of fog {unknown}
 s - a scroll of teleportation {unknown}
 t - a scroll of immolation {unknown}
 w - a scroll of remove curse {unknown}
Potions
 e - a potion of experience {unknown}
 q - a potion of heal wounds {unknown}
 r - a potion of curing {unknown}
 u - a potion of brilliance {unknown}
 v - a potion of beneficial mutation {unknown}
 z - a potion of lignification {unknown}
 B - a potion of magic {unknown}
Comestibles
 d - 2 bread rations
 f - a royal jelly
 l - 3 meat rations
 p - 2 beef jerkies
 x - 3 chunks of flesh
 C - a slice of pizza
 D - 4 fruits


   Skills:
 - Level 2.6 Fighting
 + Level 6.8 Axes
 - Level 2.1 Armour
 - Level 2.1 Dodging


You had 4 spell levels left.
You didn't know any spells.

Dungeon Overview and Level Annotations

Branches:
Dungeon (4/15)
 Temple: D:4-7

Altars:
Gozag
Qazlal
Ru
Trog
Vehumet


Innate Abilities, Weirdness & Mutations

You are resistant to damage.
You can recharge devices by infusing magical energy.
You passively map a small area around you.
You do not heal naturally.


Message History

Drink which item? (? for menu, Esc to quit)
Okay, then.
Found a scroll labeled HYEGOALALO.
The ogre hits you with a giant club!!
* * * LOW HITPOINT WARNING * * *
Use which ability? (? or * to list)
Your skin crawls.
You feel resistant to hostile enchantments.
You feel slightly more hungry. The bat closely misses you.
The ogre hits you with a giant club!
* * * LOW HITPOINT WARNING * * *
The bat hits you.
Drink which item? (? for menu, Esc to quit)
It was a potion of ambrosia.
You are confused.
You feel invigorated. The bat hits you but does no damage.
The ogre hits you with a giant club!
* * * LOW HITPOINT WARNING * * *
The bat hits you but does no damage. The ogre hits you with a giant club!
You die...

#.#####.##.#.##.#.###
* * * #....#.##.....#
######..#.....# ,
#####)#.....# ,* *
#...........# , ,
#.###.##....# * <
###.#*#.#* ...#
......#O#* ..# , *
#.b@# .# * * *
##.......... *
#.###..#### * ..
,...# , , ..?, ..# *
, ...., ,,, .. , , ,
....., , # * ,,
...... , , , ,, ,


You could see an ogre and a bat.

Vanquished Creatures
  A worker ant (D:4)
  Natasha (thrice) (D:2)
  4 adders
  A shadow imp (D:2)
  3 worms
  2 giant geckos
  6 orcs (D:3)
  2 ball pythons
  10 bats
  7 giant cockroaches
  7 goblins
  11 hobgoblins
  3 jackals (D:3)
  5 kobolds
  6 giant newts
  8 rats
79 creatures vanquished.

Notes
Turn   | Place    | Note
--------------------------------------------------------------
     0 | D:1      | HeyJoe the Deep Dwarf Berserker began the quest for the Orb.
     0 | D:1      | Reached XP level 1. HP: 20/20 MP: 1/1
   293 | D:1      | Reached skill level 4 in Axes
   293 | D:1      | Reached XP level 2. HP: 27/27 MP: 2/2
   704 | D:2      | Reached XP level 3. HP: 31/33 MP: 3/3
   829 | D:2      | Found a stormy altar of Qazlal.
   854 | D:2      | Noticed Natasha
   868 | D:2      | Killed Natasha
   868 | D:2      | Reached skill level 5 in Axes
   947 | D:2      | Acquired Trog's second power
  1115 | D:2      | Reached XP level 4. HP: 25/40 MP: 4/4
  1178 | D:2      | Noticed Natasha
  1186 | D:2      | Killed Natasha
  1201 | D:2      | Noticed Natasha
  1204 | D:2      | Killed Natasha
  1541 | D:3      | Reached skill level 6 in Axes
  1854 | D:3      | Reached XP level 5. HP: 46/46 MP: 5/5
  1981 | D:3      | Found an opulent altar of Gozag.
  1981 | D:3      | Found a sacrificial altar of Ru.
  2021 | D:3      | Found a bloodstained altar of Trog.
  2025 | D:3      | Found a radiant altar of Vehumet.
  2204 | D:4      | Noticed an ogre
  2225 | D:4      | HP: 2/46 [ogre/giant club (8)]
  2228 | D:4      | Slain by an ogre

Vault maps used:
D:1:      minmay_arrival_stair_chambers
D:2:      nicolae_qazlal_general_emergency, uniq_natasha
D:3:      nicolae_overflow_hidden_temple, first_bread
D:4:      minmay_temple_entry_poolview, uniq_robin

Action                   |  1- 3 |  4- 6 || total
-------------------------+-------+-------++-------
Melee: Hand axe          |   124 |   181 ||   305
Invok: Berserk           |       |     2 ||     2
       Trog's Hand       |       |     1 ||     1
Evoke: Wand              |       |     3 ||     3
  Use: Potion            |       |     1 ||     1
  Eat: Chunk             |     1 |     5 ||     6
